 Dungeon Crawl Stone Soup version 0.23-a0-435-g79ed067 (webtiles) character file.

238 Lavandula the Insei (level 6, -8/39 HPs)
             Began as an Octopode Hunter on Nov 16, 2018.
             Mangled by Menkaure (24 damage)
             ... on level 5 of the Dungeon.
             The game lasted 00:08:17 (1713 turns).

Lavandula the Insei (Octopode Hunter)               Turns: 1713, Time: 00:08:18

Health: -8/39      AC:  1    Str: 13    XL:     6   Next: 7%
Magic:  6/6        EV: 13    Int: 13    God:
Gold:   202        SH:  0    Dex: 13    Spells: 5/5 levels left

rFire    . . .     SeeInvis .     - Unarmed
rCold    . . .     Gourm    .   (no shield)
rNeg     . . .     Faith    .   (helmet restricted)
rPois    .         Spirit   .   (no amulet)
rElec    .         Reflect  .   g - ring of flight
rCorr    .         Harm     .   (no ring)
MR       .....                  (no ring)
Stlth    +++.......             (no ring)
HPRegen  0.13/turn              (no ring)
MPRegen  0.10/turn              (no ring)
                                (no ring)
                                (no ring)

@: no status effects
A: almost no armour, stealthy swim, amphibious, 8 rings, constrict 8, camouflage
1, gelatinous body 1
a: Evoke Flight


You were on level 5 of the Dungeon.
You were hungry.

You visited 1 branch of the dungeon, and saw 5 of its levels.

You collected 202 gold pieces.

Inventory:

Hand Weapons
 m - a +0 hunting sling
 t - a +0 falchion
Missiles
 b - 5 javelins (quivered)
 c - 2 throwing nets
 h - 74 stones
 i - 14 sling bullets
Armour
 f - a +0 shield
Jewellery
 g - a ring of flight (left tentacle)
Scrolls
 a - 4 scrolls of identify {unknown}
 e - 2 scrolls of amnesia {unknown}
 k - 4 scrolls of remove curse {unknown}
 l - a scroll of magic mapping {unknown}
 u - a scroll of teleportation {unknown}
Potions
 j - 2 potions of curing {unknown}
 n - 2 potions of brilliance {unknown}
 o - a potion of invisibility {unknown}
 p - a potion of flight {unknown}
 q - a potion of agility {unknown}
 r - 2 potions of lignification {unknown}
Comestibles
 d - 5 rations
 s - a chunk of flesh


   Skills:
 - Level 2.0 Fighting
 - Level 4.0 Throwing
 - Level 2.0 Dodging
 - Level 1.3 Stealth
 + Level 5.7 Unarmed Combat


You had 5 spell levels left.
You didn't know any spells.
Your spell library was empty.

Dungeon Overview and Level Annotations

Branches:
Dungeon (5/15)
 Temple: D:4-7

Altars:
Fedhas
Gozag
Nemelex Xobeh

Annotations:
D:5 Menkaure


Innate Abilities, Weirdness & Mutations

You cannot wear most types of armour.
You are very stealthy in the water. (Stealth+)
You are amphibious.
You can wear up to eight rings at the same time.
You can use your tentacles to constrict eight enemies at once.
Your skin changes colour to match your surroundings (Stealth+).
Your rubbery body absorbs attacks. (AC +1, EV +1)


Message History

Menkaure is heavily damaged.
You constrict Menkaure. You tentacle-slap Menkaure.
Menkaure is severely damaged.
You constrict Menkaure. Menkaure misses you.
You tentacle-slap the iguana. You grab the iguana. You squeeze the iguana!
The iguana is heavily wounded.
You constrict Menkaure. You constrict the iguana. The iguana bites you.
Menkaure gestures at you while chanting.
Pain shoots through your body!
Unknown command.
You tentacle-slap the iguana.
You kill the iguana!
You have reached level 6!
Your experience leads to an increase in your attributes!
Increase (S)trength, (I)ntelligence, or (D)exterity?
You feel stronger.
You constrict Menkaure. Menkaure hits you!!
Ouch! That really hurt!
You die...

#.. #.# #.# ...
#.# #.# # #.#.##
.#######....###
......M@.......+
.######.....####
#....## ......#
%....%.#
.......#
###...### #...#


You could see Menkaure.

Vanquished Creatures
  A hound (D:4)
  2 worker ants
  An iguana (D:5)
  A killer bee zombie (D:4)
  8 adders
  An ooze (D:3)
  A dart slug (D:1)
  A leopard gecko (D:4)
  3 orcs
  A ball python (D:1)
  2 giant cockroaches
  4 goblins
  5 hobgoblins
  A quokka (D:4)
  3 bats
  2 frilled lizards
  2 kobolds
  2 rats
41 creatures vanquished.

Notes
Turn   | Place    | Note
-------+----------+-------------------------------------------
     0 | D:1      | Lavandula the Octopode Hunter began the quest for the Orb.
     0 | D:1      | Reached XP level 1. HP: 14/14 MP: 1/1
    29 | D:1      | Reached skill level 1 in Unarmed Combat
    37 | D:1      | Reached XP level 2. HP: 19/19 MP: 2/2
   160 | D:2      | Reached skill level 2 in Unarmed Combat
   274 | D:2      | Reached XP level 3. HP: 17/24 MP: 3/3
   687 | D:3      | Reached skill level 3 in Unarmed Combat
   821 | D:5      | Entered Level 5 of the Dungeon
   862 | D:4      | Reached XP level 4. HP: 21/29 MP: 4/4
  1105 | D:3      | Reached skill level 4 in Unarmed Combat
  1153 | D:3      | Found a sparkling altar of Nemelex Xobeh.
  1159 | D:3      | Found an opulent altar of Gozag.
  1336 | D:3      | Found a blossoming altar of Fedhas.
  1413 | D:2      | Reached XP level 5. HP: 23/34 MP: 5/5
  1544 | D:4      | Reached skill level 5 in Unarmed Combat
  1579 | D:4      | Noticed a phantom
  1703 | D:5      | Noticed Menkaure
  1713 | D:5      | Reached XP level 6. HP: 16/39 MP: 6/6
  1713 | D:5      | Mangled by Menkaure

Vault maps used:
D:1:      nzn_arrival_water_spiral, minivault_11
D:3:      grunt_temple_overflow_opulence, fedhas_altar_1,
          nicolae_ru_path_of_blood
D:4:      minmay_wonky_spiral, first_ration, grunt_ministairs_11,
          lemuel_tele_altar
D:5:      gammafunk_temple_overflow_pools, grunt_gozag_breadcrumbs, uniq_pikel,
          uniq_menkaure

Skill      XL: |  1  2  3  4  5 |
---------------+----------------+-----
Unarmed Combat | 1 2 3 4 5 |  5.7
Fighting       | |  2.0
Throwing       | |  4.0
Dodging        | |  2.0
Stealth        | |  1.3

Action                   |  1- 3 |  4- 6 || total
-------------------------+-------+-------++-------
Melee: Unarmed           |    51 |    40 ||    91
       Tentacles         |    12 |     3 ||    15
       Constrict         |    13 |    10 ||    23
       Punch             |       |     1 ||     1
       Falchion          |       |     2 ||     2
 Fire: Hunting sling     |     6 |    14 ||    20
Throw: Javelin           |    10 |     7 ||    17
 Stab: Sleeping          |     1 |     2 ||     3
  Eat: Chunk             |       |     2 ||     2
Armor: Skin              |     6 |     1 ||     7
Dodge: Dodged            |    19 |    29 ||    48
       Rpst.: Falchion   |       |     1 ||     1

Table legend:
 A = Non-vault XP
 B = Vault XP
 C = Vault XP percentage of total XP
 D = Non-vault monster count
 E = Vault monster count
 F = Vault count percentage of total count
                 A         B        C        D         E       F
            +---------+---------+-------+---------+---------+-------
      Total |     338 |       3 |   0.9 |      40 |       1 |   2.4
            +---------+---------+-------+---------+---------+-------
        D:1 |      18 |       0 |   0.0 |      10 |       0 |   0.0
        D:2 |      57 |       0 |   0.0 |       7 |       0 |   0.0
        D:3 |      76 |       0 |   0.0 |      13 |       0 |   0.0
        D:4 |     152 |       3 |   1.9 |       9 |       1 |  10.0
        D:5 |      35 |       0 |   0.0 |       1 |       0 |   0.0
            +---------+---------+-------+---------+---------+-------
